 Dungeon Crawl Stone Soup version 0.20.1-1-g8b1a95d (webtiles) character file.

4781 Peloso the Carver (level 10, -8/86 HPs)
             Began as a Minotaur Fighter on July 28, 2017.
             Was a Believer of Okawaru.
             Mangled by Gastronok (21 damage)
             ... on level 8 of the Dungeon.
             The game lasted 00:19:07 (8489 turns).

Peloso the Carver (Minotaur Fighter)                Turns: 8489, Time: 00:19:08

Health: -8/86      AC: 12    Str: 27    XL:     10   Next: 23%
Magic:  8/9        EV:  9    Int:  5    God:    Okawaru [**....]
Gold:   314        SH: 16    Dex: 12    Spells: 9/9 levels left

rFire    . . .     SeeInvis .   a - +1 long sword
rCold    . . .     Gourm    .   c - +0 shield
rNeg     . . .     Faith    .   N - +0 chain mail
rPois    .         Spirit   .   (helmet restricted)
rElec    .         Reflect  +   (no cloak)
rCorr    .         Harm     .   (no gloves)
MR       +....                  x - +0 pair of boots
Stlth    ..........             m - +4 amulet of reflection
Regen    0.3/turn               s - ring of protection from magic
MPRegen  0.2/turn               (no ring)

@: mighty, slowed, drained, very slow
A: retaliatory headbutt, horns 2
a: Heroism, Renounce Religion


You were on level 8 of the Dungeon.
You worshipped Okawaru.
Okawaru was pleased with you.
You were hungry.

You visited 2 branches of the dungeon, and saw 9 of its levels.
You also visited: Sewer and Ossuary.

You collected 314 gold pieces.

Inventory:

Hand Weapons
 a - a +1 long sword (weapon)
 y - a +0 whip of flaming
 H - a +4 war axe
 I - a +1 spear
Armour
 c - a +0 shield (worn)
 x - a +0 pair of boots (worn)
 N - a +0 chain mail (worn)
Jewellery
 m - a +4 amulet of reflection (around neck)
 s - a ring of protection from magic (left hand)
 z - an uncursed amulet of harm
Wands
 A - a wand of polymorph (15/24)
 F - a wand of iceblast (8/15)
 G - a wand of paralysis (15/24)
 K - a wand of confusion (27/48)
 M - a wand of scattershot (3/9)
 P - a wand of flame (42/48)
Scrolls
 e - 2 scrolls of teleportation
 g - 8 scrolls of identify
 i - 3 scrolls of enchant weapon
 j - 5 scrolls of remove curse
 k - 2 scrolls of recharging {unknown}
 n - a scroll of blinking
 u - a scroll of amnesia
 w - 3 scrolls of fog {unknown}
 B - 2 scrolls of magic mapping {unknown}
 D - a scroll of enchant armour {unknown}
 Q - a scroll of vulnerability {unknown}
Potions
 d - a potion of might
 h - 8 potions of curing
 p - a potion of agility
 q - 3 potions of heal wounds
 t - 4 potions of cancellation
 v - a potion of resistance {unknown}
 C - a potion of degeneration {unknown}
 J - 2 potions of haste {unknown}
Books
 b - a book of Maledictions

   Spells                             Type                      Level
   a - Corona                         Hexes                        1
   b - Ensorcelled Hibernation        Hexes/Ice                    2
   c - Confuse                        Hexes                        3
   d - Tukima's Dance                 Hexes                        3
   e - Dazzling Spray                 Conjuration/Hexes            3
 o - a book of Flames

   Spells                             Type                      Level
   a - Flame Tongue                   Conjuration/Fire             1
   b - Throw Flame                    Conjuration/Fire             2
   c - Conjure Flame                  Conjuration/Fire             3
   d - Inner Flame                    Hexes/Fire                   3
   e - Sticky Flame                   Conjuration/Fire             4
   f - Fireball                       Conjuration/Fire             5
 L - Guimav's Volume of the Voyage
   (You found it on level 6 of the Dungeon)

   Spells                             Type                      Level
   a - Lesser Beckoning               Translocation                3
   b - Passage of Golubria            Translocation                4
   c - Dispersal                      Translocation                6
   d - Malign Gateway                 Summoning/Translocation      7
Comestibles
 f - 6 bread rations
 l - 8 meat rations
 r - 4 royal jellies
 E - 5 fruits


   Skills:
 + Level 7.3(7.1) Fighting
 + Level 10.6(10.4) Long Blades
 + Level 8.5(8.3) Armour
 + Level 4.5(4.3) Dodging
 + Level 1.3(1.1) Stealth
 + Level 9.9(9.7) Shields
 + Level 0.2(0.0) Invocations


You had 9 spell levels left.
You didn't know any spells.

Dungeon Overview and Level Annotations

Branches:
Dungeon (8/15)             Temple (1/1) D:5
   Lair: D:8-11

Altars:
Ashenzari
Cheibriados
Dithmenos
Elyvilon
Fedhas
Gozag
Hepliaklqana
Kikubaaqudgha
Makhleb
Nemelex Xobeh
Okawaru
Qazlal
Ru
Sif Muna
Trog
Uskayaw
Vehumet
Xom
Yredelemnul
Zin
The Shining One

Annotations:
D:8 Gastronok


Innate Abilities, Weirdness & Mutations

You reflexively headbutt those who attack you in melee.
You have a pair of horns on your head.


Message History

You slash Gastronok!
Gastronok is lightly wounded.
Gastronok looks at you while chanting.
You feel yourself slow down.
You slice Gastronok!! You headbutt Gastronok!
Gastronok is heavily wounded.
You slash Gastronok! You headbutt Gastronok!
Gastronok is heavily wounded.
Gastronok bites you!!
* * * LOW HITPOINT WARNING * * *
You slice Gastronok!!
Gastronok is severely wounded.
You hit Gastronok.
Gastronok is severely wounded.
You feel like a meek peon again.
Gastronok chants a spell, wobbling all the while.
You slash Gastronok!
Gastronok is almost dead.
Gastronok bites you!!
You die...

#....... ..# #.##...
#.# #.##..# #.#
#)##..#####.#
######.##........#
#..........####..#####
#........)>..........?#
#..####^##).####..###.#
#. #.##@.# #..# #.#
#.##w.# #..# #.#####
#.##r.####..# #.<....
#.....))....# #.#####
###..$####.## #.#
...........#.. #.#
........#### ##.#.#
#.#.....## #.# #
#.##### #.#


You could see Gastronok and a quokka.

Vanquished Creatures
  Pikel (D:4)
  Grinder (D:4)
  A hippogriff (D:7)
  Sigmund (D:4)
  Eustachio (D:4)
  Menkaure (D:5)
  A hungry ghost (D:7)
  Edmund (D:5)
  Duvessa (D:4)
  3 slaves (D:4)
  2 orc warriors (D:6)
  A black bear (D:7)
  An ice beast (D:5)
  The ghost of Peloso the Shield-Bearer, an amateur MiFi (D:3)
  A sky beast (D:5)
  3 ogres
  2 phantoms
  A centaur (D:5)
  4 bullfrogs
  Dowan (D:4)
  2 scorpions (D:6)
  2 howler monkeys (D:4)
  9 wights
  2 crimson imps
  2 centaur zombies
  3 hounds
  A jelly (D:6)
  2 bullfrog skeletons
  2 human zombies (Ossuary)
  4 orc priests
  3 iguanas
  A centaur skeleton (D:4)
  3 orc wizards (D:7)
  Natasha (twice) (D:2)
  6 worker ants
  A big kobold zombie (Ossuary)
  3 mummies
  2 worker ant zombies
  4 gnolls
  4 adders
  A river rat (D:3)
  2 shadow imps (D:5)
  5 oozes
  2 adder zombies (Ossuary)
  3 worms
  3 dart slugs
  9 leopard geckos
  27 orcs
  12 giant cockroaches
  8 goblins
  9 hobgoblins
  4 jackals (D:4)
  4 quokkas
  8 ball pythons
  7 bats
  10 frilled lizards
  10 hobgoblin zombies (Ossuary)
  A jackal skeleton (D:8)
  A jackal zombie (Ossuary)
  10 kobolds
  12 kobold zombies
  2 leopard gecko skeletons
  9 orc zombies
  2 quokka skeletons (D:6)
  12 rats
  A rat zombie (Ossuary)
261 creatures vanquished.

Vanquished Creatures (others)
  An orc wizard (D:3)
  A giant cockroach (D:5)
2 creatures vanquished.

Grand Total: 263 creatures vanquished

Notes
Turn   | Place    | Note
-------+----------+-------------------------------------------
     0 | D:1      | Peloso the Minotaur Fighter began the quest for the Orb.
     0 | D:1      | Reached XP level 1. HP: 19/19 MP: 0/0
    53 | D:1      | Reached XP level 2. HP: 19/27 MP: 1/1
   273 | D:1      | Reached skill level 3 in Long Blades
   273 | D:1      | Reached XP level 3. HP: 29/33 MP: 2/2
   853 | D:2      | Found a glowing golden altar of the Shining One.
   854 | D:2      | Found a snail-covered altar of Cheibriados.
   854 | D:2      | Found a bloodstained altar of Trog.
   855 | D:2      | Found an opulent altar of Gozag.
   932 | D:2      | Found a sacrificial altar of Ru.
   993 | D:2      | Noticed Natasha
  1001 | D:2      | Killed Natasha
  1001 | D:2      | Reached XP level 4. HP: 31/40 MP: 3/3
  1020 | D:2      | Reached skill level 4 in Long Blades
  1230 | D:2      | Noticed Natasha
  1232 | D:2      | Reached XP level 5. HP: 46/46 MP: 4/4
  1238 | D:2      | Killed Natasha
  1251 | D:3      | Noticed Peloso's ghost (amateur MiFi)
  1255 | D:3      | Reached skill level 5 in Armour
  1260 | D:3      | Killed Peloso's ghost
  1260 | D:3      | Reached skill level 1 in Dodging
  1262 | D:3      | Reached skill level 5 in Shields
  1355 | D:3      | Found a glowing drain.
  1377 | D:3      | Reached XP level 6. HP: 44/53 MP: 5/5
  1445 | Sewer    | Entered a sewer
  1753 | Sewer    | Reached skill level 5 in Long Blades
  2307 | D:3      | Reached skill level 5 in Fighting
  2682 | D:3      | Reached XP level 7. HP: 47/61 MP: 6/6
  2897 | D:4      | Noticed Duvessa
  2918 | D:4      | Killed Duvessa
  2919 | D:4      | Noticed Dowan
  3305 | D:4      | Killed Dowan
  3428 | D:4      | Reached skill level 6 in Long Blades
  3607 | D:4      | Noticed Eustachio
  3632 | D:4      | Killed Eustachio
  3632 | D:4      | Reached XP level 8. HP: 67/69 MP: 7/7
  3644 | D:4      | Noticed Pikel
  3661 | D:4      | Killed Pikel
  3661 | D:4      | Reached skill level 7 in Long Blades
  3904 | D:4      | Noticed Grinder
  3918 | D:4      | Killed Grinder
  3918 | D:4      | Reached skill level 8 in Long Blades
  4195 | D:4      | Noticed Sigmund
  4209 | D:4      | Killed Sigmund
  4286 | D:5      | Entered Level 5 of the Dungeon
  4317 | D:5      | Found a white marble altar of Elyvilon.
  4363 | D:5      | Reached XP level 9. HP: 68/75 MP: 8/8
  4410 | D:5      | Noticed Menkaure
  4422 | D:5      | Killed Menkaure
  4785 | D:5      | You fall through a shaft!
  4834 | D:5      | Found a staircase to the Ecumenical Temple.
  4864 | Temple   | Entered the Ecumenical Temple
  4871 | Temple   | Became a worshipper of Warmaster Okawaru
  5213 | D:5      | Noticed Edmund
  5224 | D:5      | Killed Edmund
  5409 | D:5      | Found a blossoming altar of Fedhas.
  5665 | D:5      | Reached skill level 9 in Long Blades
  5665 | D:5      | Reached skill level 1 in Stealth
  6099 | D:6      | Identified Guimav's Volume of the Voyage
  6428 | D:6      | Reached * piety under Okawaru
  6993 | D:7      | Found a sand-covered staircase.
  7011 | Ossuary  | Entered an ossuary
  7182 | Ossuary  | Reached skill level 10 in Long Blades
  7590 | D:7      | Reached XP level 10. HP: 76/86 MP: 9/9
  8037 | D:7      | Found a radiant altar of Vehumet.
  8465 | D:8      | Reached ** piety under Okawaru
  8472 | D:8      | Noticed Gastronok
  8489 | D:8      | Mangled by Gastronok

Skill      XL: |  1  2  3  4  5  6  7  8  9 |
---------------+----------------------------+-----
Shields        | 4 5 6 8 9 |  9.9
Fighting       | 4 5 6 7 |  7.3
Long Blades    | 3 4 5 6 8 10 | 10.6
Armour         | 4 5 6 7 8 |  8.5
Dodging        | 1 2 3 4 |  4.5
Stealth        | 1 |  1.3
Invocations    | |  0.2

Action                   |  1- 3 |  4- 6 |  7- 9 | 10-12 || total
-------------------------+-------+-------+-------+-------++-------
Melee: Long sword        |   105 |   185 |   478 |    86 ||   854
       Headbutt          |    16 |    41 |   103 |    20 ||   180
Invok: Heroism           |       |       |       |     2 ||     2
  Use: Scroll            |     1 |     6 |     3 |       ||    10
       Potion            |       |       |       |     1 ||     1
  Eat: Chunk             |       |     6 |    16 |     2 ||    24
       Fruit             |       |       |     1 |     1 ||     2
Armor: Scale mail        |    64 |    68 |    49 |       ||   181
       Chain mail        |       |       |    34 |    13 ||    47
Dodge: Dodged            |    35 |    35 |    93 |    10 ||   173
Block: Shield            |    59 |   124 |   291 |    40 ||   514
       Reflection        |       |     1 |     2 |       ||     3
       Rpst.: Long sword |     8 |     7 |    30 |     4 ||    49
